 Dungeon Crawl Stone Soup version 0.31-a0-844-gdc52ec4e09 (webtiles) character file.

Game seed: 17966740364970259986

12146 lonewolfV2 the Basher (level 12, -4/94 HPs)
             Began as a Formicid Fighter on Sept 29, 2023.
             Was an Initiate of Gozag.
             Slain by a manticore (9 damage)
             ... on level 12 of the Dungeon.
             The game lasted 00:24:50 (17637 turns).

lonewolfV2 the Basher (Formicid Fighter)           Turns: 17637, Time: 00:24:51

Health: -4/94      AC: 12    Str: 24    XL:     12   Next: 16%
Magic:  12/12      EV: 13    Int: 16    God:    Gozag
Gold:   949        SH:  0    Dex: 13    Spells: 11/11 levels left

rFire   . . .        A - +8 morningstar "Trog's Indignation" {heavy, Fragile rC+++ Will+ Stlth+}
rCold   + + +        c - +0 buckler
rNeg    . . .        F - +1 ring mail {rC+}
rPois   .            (helmet unavailable)
rElec   .            (no cloak)
rCorr   .            (no gloves)
SInv    +            (no boots)
Will    ++...        (no amulet)
Stlth   +            e - +4 ring of protection
HPRegen 0.35/turn    m - +6 ring of intelligence
MPRegen 0.13/turn

%: no passive effects
@: confused, ambrosia-drunk
A: permanent stasis, dig shafts and tunnels, antennae 3, four strong arms
a: Dig, Shaft Self, Renounce Religion, Potion Petition, Call Merchant, Bribe
Branch


You were on level 12 of the Dungeon.
You worshipped Gozag.
Gozag was pleased with you.
You visited 1 branch of the dungeon, and saw 13 of its levels.

You collected 2008 gold pieces.
You spent 493 gold pieces at shops.
You paid 566 gold pieces to Gozag.

Inventory:

Hand Weapons
 a - a +0 war axe
 k - the +4 whip of Awkwardness {speed, rF- rC++ rN+ Dex+3}
   (You found it on level 2 of the Dungeon)

   Dex+3:     It affects your dexterity (+3).
   rF-:       It makes you vulnerable to fire.
   rC++:      It greatly protects you from cold.
   rN+:       It protects you from negative energy.
 y - the +9 spear of Ancient Evil {freeze, Int+2}
   (You bought it in a shop on level 11 of the Dungeon)

   Int+2:     It affects your intelligence (+2).
 A - the +8 morningstar "Trog's Indignation" (weapon) {heavy, Fragile rC+++ Will+ Stlth+}
   (You bought it in a shop on level 11 of the Dungeon)

   rC+++:     It renders you almost immune to cold.
   Will+:     It increases your willpower.
   Fragile:   It will be destroyed if unequipped.
   Stlth+:    It makes you more stealthy.
Armour
 b - a +0 scale mail
 c - a +0 buckler (worn)
 F - a +1 ring mail of cold resistance (worn)
Jewellery
 e - a +4 ring of protection (left hand)
 m - a +6 ring of intelligence (right hand)
 v - a ring of fire
Wands
 n - a wand of paralysis (8)
 t - a wand of digging (2)
 w - a wand of flame (12)
 D - a wand of iceblast (3)
Scrolls
 d - 5 scrolls of fog
 f - 3 scrolls of enchant weapon
 h - 5 scrolls of enchant armour
 j - 2 scrolls of noise
 p - 2 scrolls of amnesia
 r - a scroll of revelation
 s - 2 scrolls of fear
 x - 2 scrolls of poison
 C - a scroll of identify
Potions
 g - 2 potions of haste
 i - a potion of cancellation
 l - 4 potions of magic
 o - 2 potions of degeneration
 q - a potion of lignification
 u - 2 potions of heal wounds {unknown}
 z - 3 potions of enlightenment {unknown}
 B - 16 potions of ambrosia


   Skills:
 + Level 8.5 Fighting
 + Level 3.8(8.1) Axes
 + Level 11.1(11.4) Maces & Flails
 + Level 10.0 Armour
 + Level 5.6 Dodging
 + Level 3.9 Stealth
 + Level 9.1 Shields
 + Level 1.0 Evocations


You had 11 spell levels left.
You didn't know any spells.
Your spell library contained the following spells:

 Spells                   Type           Power      Damage    Failure   Level
 Apportation              Tloc           0%         N/A       38%         1
 Magic Dart               Conj           0%         1d3       38%         1
 Necrotise                Necr           0%         1d4       38%         1
 Summon Small Mammal      Summ           0%         N/A       38%         1
 Call Imp                 Summ           0%         N/A       52%         2
 Static Discharge         Conj/Air       0%         2-2/arc   52%         2
 Call Canine Familiar     Summ           0%         N/A       77%         3
 Mephitic Cloud           Conj/Pois/Air  0%         N/A       77%         3
 Ozocubu's Armour         Ice            0%         N/A       77%         3
 Summon Guardian Golem    Hex/Summ       0%         N/A       77%         3
 Volatile Blastmotes      Fire/Tloc      0%         2d10      77%         3
 Airstrike                Air            0%         2d(0-16)  99%         4
 Fulminant Prism          Conj/Hex       0%         3d5       99%         4
 Iskenderun's Mystic Bla  Conj/Tloc      0%         2d3       99%         4
 Manifold Assault         Tloc           0%         N/A       99%         4
 Summon Lightning Spire   Summ/Air       0%         N/A       99%         4
 Metabolic Englaciation   Hex/Ice        0%         N/A       100%        5
 Blink                    Tloc           Unusable   N/A       N/A         2
 Simulacrum               Ice/Necr       Unusable   N/A       N/A         6

Dungeon Overview and Level Annotations

Branches:
Dungeon (13/15)            Temple (0/1) D:4
   Lair: D:8-11         Orc: D:9-12      Vaults: D:13-14

Altars:
Ashenzari
Dithmenos
Elyvilon
Gozag
Hepliaklqana
Sif Muna
Trog
Uskayaw
Yredelemnul
Zin
The Shining One

Shops:
D:11 (

Annotations:
D:5 3 runed translucent doors, Kurtz's ghost, amateur OpFi
D:7 3 runed translucent doors, elongatedgoose's ghost, novice GnMo
D:10 Grum


Innate Abilities, Weirdness & Mutations

You cannot be hasted, slowed, berserked, paralysed or teleported.
You can dig through walls and to a lower floor.
You have a pair of large antennae on your head. (SInv)
Your four strong arms can wield two-handed weapons with a shield.


Message History

A manticore comes into view.
The manticore bites you!!
The manticore claws you but does no damage.
The manticore claws you.
You completely miss the manticore. The manticore bites you!
The manticore claws you. The manticore misses you. The manticore bites you!
The manticore barely misses you. The manticore claws you.
You barely miss the manticore. The manticore bites you!
* * * LOW HITPOINT WARNING * * *
The manticore misses you.
The manticore claws you but does no damage.
Unknown command.
You feel better. The manticore barely misses you. The manticore claws you!
* * * LOW HITPOINT WARNING * * *
The manticore claws you but does no damage.
Unknown command.
You are confused.
You feel invigorated. The manticore bites you.
* * * LOW HITPOINT WARNING * * *
The manticore barely misses you. The manticore claws you.
* * * LOW HITPOINT WARNING * * *
Unknown command.
Okay, then.
You bump into the rock wall.
The manticore completely misses you. The manticore claws you!
* * * LOW HITPOINT WARNING * * *
The manticore closely misses you.
You're too confused to move!
The manticore bites you!
* * * LOW HITPOINT WARNING * * *
The manticore closely misses you. The manticore barely misses you.
You impale the manticore!!
The manticore is heavily wounded.
The manticore bites you!
* * * LOW HITPOINT WARNING * * *
The manticore closely misses you. The manticore misses you.
The manticore closely misses you. The manticore claws you.
* * * LOW HITPOINT WARNING * * *
The manticore claws you!
You die...
Your body crumbles into a pile of gold.

#.##...##
#.#.....#
#........
.....
#.#.....#
#.##.
#.##...##
#(#
#.....##
#. #.#####
#. ....##
#.##### #.
.....##
#..H@# #
......#.##
#.###.#
...>......
#.# #.#
..<...##..
#.# #.# #
.....###.#
#.## #.# #
......##.#
#..# #.# #
#
#..##.##.#
##.# #.#
.# #
...##.##.#
#.#
#.##.##
#.###.##.#
#.#
#.#...####


You could see a manticore.

Vanquished Creatures
  2 two-headed ogres (D:11)
  An ugly thing (D:11)
  A manticore (D:11)
  A cyclops (D:8)
  An unseen horror (D:12)
  3 komodo dragons
  A queen bee (D:11)
  A hornet (D:10)
  4 trolls
  Prince Ribbit (D:9)
  Grinder (D:6)
  A slime creature (D:10)
  Sigmund (D:6)
  A shadow (D:10)
  A wyvern (D:10)
  A wraith (D:10)
  7 yaks
  A vampire (D:12)
  3 vampire mosquitoes (D:12)
  Menkaure (D:4)
  2 acid dragons
  Duvessa (D:6)
  3 water moccasins
  4 orc warriors
  2 ice beasts
  A black bear (D:5)
  A sky beast (D:5)
  2 ogres
  3 centaurs (D:9)
  5 bullfrogs
  A kobold brigand (D:8)
  2 scorpions (D:5)
  Dowan (D:6)
  5 wights (D:9)
  23 killer bees (D:11)
  3 howler monkeys
  3 jellies
  3 hounds
  3 orc priests
  Crazy Yiuf (D:2)
  A sleepcap (D:3)
  7 iguanas
  Natasha (twice) (D:2)
  4 orc wizards
  8 gnolls
  13 adders
  A shadow imp (D:7)
  3 white imps
  An ufetubus (D:6)
  A worm (D:2)
  2 dart slugs (D:4)
  29 orcs
  3 bats (D:1)
  9 endoplasms
  5 giant cockroaches
  8 goblins
  8 hobgoblins
  3 jackals (D:1)
  14 kobolds
  8 quokkas
  9 ball pythons
  4 frilled lizards
  4 rats
250 creatures vanquished.

Notes
Turn   | Place    | Note
-------+----------+-------------------------------------------
     0 | D:1      | lonewolfV2 the Formicid Fighter began the quest for the
                  | Orb.
     0 | D:1      | Reached XP level 1. HP: 18/18 MP: 1/1
   151 | D:1      | Reached XP level 2. HP: 21/24 MP: 2/2
   235 | D:1      | Reached XP level 3. HP: 22/29 MP: 3/3
  1026 | D:2      | Reached XP level 4. HP: 33/37 MP: 4/4
  1219 | D:2      | Reached XP level 5. HP: 6/42 MP: 5/5
  1614 | D:2      | Noticed Natasha
  1620 | D:2      | Killed Natasha
  1621 | D:2      | Reached skill level 5 in Shields
  1772 | D:2      | Identified the +4 whip of Awkwardness {speed, rF- rC++ rN+
                  | Dex+3}
  1800 | D:2      | Found a runed translucent door.
  1800 | D:2      | Noticed Natasha
  1801 | D:2      | Noticed Crazy Yiuf
  1920 | D:2      | Killed Natasha
  1925 | D:2      | Killed Crazy Yiuf
  1926 | D:2      | Reached skill level 1 in Dodging
  1926 | D:2      | Reached XP level 6. HP: 23/48 MP: 6/6
  2396 | D:3      | Found a glowing golden altar of the Shining One.
  2427 | D:3      | Found a white marble altar of Elyvilon.
  2434 | D:3      | Found a glowing silver altar of Zin.
  2467 | D:3      | Reached skill level 1 in Maces & Flails
  2558 | D:4      | Noticed Menkaure
  2572 | D:4      | Killed Menkaure
  2573 | D:4      | Reached XP level 7. HP: 18/55 MP: 7/7
  2581 | D:3      | Reached skill level 2 in Maces & Flails
  2965 | D:4      | Found an opulent altar of Gozag.
  2971 | D:4      | Became a worshipper of Gozag Ym Sagoz the Greedy
  3820 | D:4      | Found a hazy altar of Hepliaklqana.
  3821 | D:4      | Found a shadowy altar of Dithmenos.
  3822 | D:4      | Noticed a shadow
  3902 | D:4      | Found a staircase to the Ecumenical Temple.
  4059 | D:5      | Entered Level 5 of the Dungeon
  4108 | D:5      | Found a runed translucent gate.
  4112 | D:5      | Found a runed translucent gate.
  4113 | D:5      | Found a runed translucent gate.
  4122 | D:5      | Reached skill level 3 in Maces & Flails
  4122 | D:5      | Reached skill level 5 in Armour
  4159 | D:5      | Noticed Kurtz's ghost (amateur OpFi)
  4347 | D:5      | Reached skill level 1 in Stealth
  4347 | D:5      | Reached XP level 8. HP: 55/61 MP: 8/8
  4501 | D:5      | Reached skill level 5 in Fighting
  4563 | D:5      | Reached skill level 4 in Maces & Flails
  5605 | D:6      | Noticed Duvessa
  5605 | D:6      | Noticed Dowan
  5637 | D:6      | Killed Duvessa
  5638 | D:6      | Reached skill level 5 in Maces & Flails
  5638 | D:6      | Reached XP level 9. HP: 63/68 MP: 9/9
  5644 | D:6      | Killed Dowan
  5968 | D:6      | Noticed Grinder
  5979 | D:6      | Killed Grinder
  6074 | D:6      | Noticed Sigmund
  6085 | D:6      | Killed Sigmund
  6086 | D:6      | Reached skill level 6 in Maces & Flails
  6565 | D:6      | Found Haet's Weapon Boutique.
  6578 | D:6      | Identified the +1 trident "Ejotwics" {freeze, rN++ Dex-2}
  6772 | D:7      | Found a runed translucent gate.
  6772 | D:7      | Found a runed translucent gate.
  6772 | D:7      | Found a runed translucent gate.
  6817 | D:7      | Noticed elongatedgoose's ghost (novice GnMo)
  6904 | D:7      | Found a basalt altar of Yredelemnul.
  7024 | D:7      | Found a hide-covered altar of Uskayaw.
  7339 | D:7      | HP: 1/69 [iguana (7)]
  7643 | D:7      | Reached skill level 7 in Maces & Flails
  7818 | D:7      | Reached XP level 10. HP: 69/76 MP: 10/10
  8240 | D:8      | Noticed a cyclops
  8279 | D:8      | Killed a cyclops
  8558 | D:8      | Reached skill level 1 in Evocations
  9692 | D:9      | Reached skill level 8 in Maces & Flails
  9857 | D:9      | Found a broken altar of Ashenzari.
 11363 | D:9      | Noticed Prince Ribbit
 11381 | D:9      | Killed Prince Ribbit
 11648 | D:10     | Entered Level 10 of the Dungeon
 11718 | D:10     | Found a shimmering blue altar of Sif Muna.
 11905 | D:10     | Found a bloodstained altar of Trog.
 11955 | D:10     | You fall into a shaft and drop 3 floors!
 12792 | D:11     | Noticed a two-headed ogre
 12809 | D:11     | Killed a two-headed ogre
 12810 | D:11     | Reached skill level 9 in Maces & Flails
 12810 | D:11     | Reached XP level 11. HP: 52/84 MP: 11/11
 12925 | D:11     | Noticed a two-headed ogre
 12938 | D:11     | Killed a two-headed ogre
 13844 | D:10     | Reached skill level 5 in Dodging
 14799 | D:10     | Noticed Grum
 14810 | D:10     | You fall into a shaft and drop 1 floor!
 15254 | D:11     | Bought a dazzling spear for 232 gold pieces
 15254 | D:11     | Identified the +9 spear of Ancient Evil {freeze, Int+2}
                  | (You bought it in a shop on level 11 of the Dungeon)
 15257 | D:11     | Bought a translucent morningstar for 261 gold pieces
 15257 | D:11     | Identified the +8 morningstar "Trog's Indignation" {heavy,
                  | Fragile rC+++ Will+ Stlth+} (You bought it in a shop on
                  | level 11 of the Dungeon)
 15342 | D:11     | Noticed a red ugly thing
 15347 | D:11     | Killed a red ugly thing
 15472 | D:11     | Noticed a manticore
 15480 | D:11     | Killed a manticore
 15481 | D:11     | Reached skill level 10 in Maces & Flails
 16356 | D:11     | Reached XP level 12. HP: 45/94 MP: 12/12
 17314 | D:12     | Reached skill level 11 in Maces & Flails
 17564 | D:12     | Reached skill level 10 in Armour
 17637 | D:12     | Slain by a manticore

Illustrated notes

Levels and vault maps discovered:
D:1:      lemuel_arrival_funnel, layout_loops_ring, minmay_misc_feat_roman,
          hangedman_glass_teeth
D:2:      layout_rooms, uniq_natasha, uniq_crazy_yiuf_cottage
D:3:      layout_basic, good_gods_mini_temple, st_stairs_10
D:4:      layout_cave_pools, nicolae_gozag_seed_capital,
          riverfiend_overflow_shadow_ancestor, temple_pool_b, uniq_menkaure
D:5:      layout_loops_ring, gammafunk_ghost_necromancy, grunt_decor_fettered,
          kennysheep_doodads
D:6:      layout_gridville, serial_shops, nicolae_shop_bloodbath_and_beyond,
          uniq_sigmund, uniq_grinder, uniq_duvessa
D:7:      layout_rooms, nicolae_overflow_hidden_temple, gammafunk_ghost_icy
D:8:      layout_layer_cave
D:9:      layout_basic, lemuel_crystal_altar, hangedman_decor_points,
          uniq_prince_ribbit1
D:10:     kennysheep_blocky_hall, layout_cave_pods,
          mainiacjoe_overflow_24_doors, lemuel_doored_altar,
          minmay_lair_entry_grove, orc_0_dummy, chequers_serial_rivers_micro_c,
          uniq_grum
D:11:     layout_roguey [special_room_bee]
D:12:     layout_loops_ring
D:13:     layout_loops_ring

Skill      XL: |  1  2  3  4  5  6  7  8  9 10 11 12 |
---------------+-------------------------------------+-----
Axes           | 3 |  3.8
Fighting       | 4 5 6 7 8 |  8.5
Shields        | 5 6 7 8 9 |  9.1
Dodging        | 1 2 3 4 5 |  5.6
Armour         | 4 5 6 7 8 9 10 | 10.0
Maces & Flails | 1 3 5 7 9 10 11 | 11.1
Stealth        | 1 2 3 |  3.9
Evocations     | 1 |  1.0

Action                     |  1- 3 |  4- 6 |  7- 9 | 10-12 || total
---------------------------+-------+-------+-------+-------++-------
  Melee: War axe           |    84 |    42 |       |       ||   126
         Whip              |       |    83 |   499 |   419 ||  1001
         Morningstar       |       |       |       |   125 ||   125
 Invoke: Call Merchant     |       |       |       |     1 ||     1
Ability: Dig               |       |       |     2 |     2 ||     4
         Shaft Self        |       |       |       |     2 ||     2
  Evoke: Wand              |       |       |     5 |       ||     5
    Use: Potion            |       |     3 |     2 |     5 ||    10
         Scroll            |       |     6 |     8 |     7 ||    21
   Stab: Distracted        |       |       |     1 |     3 ||     4
 Armour: Scale mail        |    92 |    81 |   244 |   285 ||   702
         Skin              |       |       |    12 |    78 ||    90
         Ring mail         |       |       |       |    18 ||    18
  Dodge: Dodged            |    47 |    48 |   177 |   202 ||   474
  Block: Buckler           |    17 |    30 |    98 |   117 ||   262

Table legend: (Time is in decaauts)
 A = Elapsed time spent in this place.
 B = Non-inter-level travel time spent in this place.
 C = Inter-level travel time spent in this place.
 D = Time resting spent in this place.
 E = Time spent auto-exploring this place.
 F = Levels seen in this place.
 G = Mean time per level.
                   A        B        C        D        E       F      G
               +--------+--------+--------+--------+--------+-----+--------+
         Total |  17278 |  17049 |    229 |   7217 |   7208 |  13 | 1329.1 |
       Dungeon |  17278 |  17049 |    229 |   7217 |   7208 |  13 | 1329.1 |
               +--------+--------+--------+--------+--------+-----+--------+

Top non-repeatable levels by time:
    D:11: 3178 daAuts
     D:8: 2369 daAuts
     D:9: 1624 daAuts
     D:6: 1427 daAuts
    D:10: 1301 daAuts
     D:5: 1126 daAuts
     D:4: 1094 daAuts
     D:2: 1065 daAuts
    D:12: 1052 daAuts
     D:1: 1042 daAuts
     D:3: 840 daAuts
     D:7: 744 daAuts
    D:13: 410 daAuts
